 Dungeon Crawl Stone Soup version 0.23-a0-14-g8c9a20f (webtiles) character file.

115169 zishaf the Spry (level 16, -8/108 HPs)
             Began as an Octopode Assassin on Aug 2, 2018.
             Was the Champion of Dithmenos.
             Mangled by a harpy (19 damage)
             ... on level 3 of the Shoals on Aug 3, 2018.
             The game lasted 03:37:17 (40973 turns).

zishaf the Spry (Octopode Assassin)                Turns: 40973, Time: 03:37:18

Health: -8/108     AC: 13    Str: 20    XL:     16   Next: 67%
Magic:  20/25      EV: 23    Int: 14    God:    Dithmenos [******]
Gold:   1617       SH:  0    Dex: 13    Spells: 4/27 levels left

rFire    + + .     SeeInvis +   a - +9 great mace of Arrival {speed, rF+ Str+5 Int-5 Stlth+}
rCold    + . .     Gourm    .   (shield currently unavailable)
rNeg     + . .     Faith    .   J - +1 hat {MR+}
rPois    +         Spirit   .   U - amulet of Xirholoa {+Blink +Inv rPois rC+ Regen+ Slay+2}
rElec    +         Reflect  .   o - ring of protection from fire
rCorr    +         Harm     .   C - ring "Cuotiuts" {rElec AC+4}
MR       +++..     Clarity  +   j - ring "Jisesm" {*Contam +Blink rElec rPois MR+}
Stlth    ++++++++++             Y - ring of wizardry
HPRegen  0.68/turn              X - ring of Guxow {+Blink rElec Str+4 Dex-3 Stlth+}
MPRegen  0.19/turn              S - ring "Riwnuar" {*Contam rPois rN+ SInv}
                                V - +5 ring of protection
                                P - ring of resist corrosion

@: hasted, wreathed by umbra, very quick
A: almost no armour, stealthy swim, amphibious, 8 rings, constrict 8, icy blue
scales 1, camouflage 1, agile 1, clarity, gelatinous body 1
a: Shadow Step, Shadow Form, Renounce Religion, Evoke Blink, Evoke Invisibility


You were on level 3 of the Shoals.
You worshipped Dithmenos.
Dithmenos was exalted by your worship.
You were not hungry.

You visited 5 branches of the dungeon, and saw 27 of its levels.
You also visited: Labyrinth, Sewer and Ice Cave.

You collected 2689 gold pieces.
You spent 1072 gold pieces at shops.

Inventory:

Hand Weapons
 a - the +9 great mace of Arrival (weapon) {speed, rF+ Str+5 Int-5 Stlth+}
   (You took it off an ettin on level 1 of the Orcish Mines)

   Attacks with this weapon are significantly faster.
   It affects your strength (+5).
   It affects your intelligence (-5).
   It protects you from fire.
   It makes you more stealthy.
 b - a +1 blowgun
 c - a +2 dagger of protection
Missiles
 t - 69 poisoned needles
 u - 18 javelins of returning (quivered)
 x - 5 exploding tomahawks
 L - 7 throwing nets
 N - 3 curare-tipped needles
Armour
 J - a +1 hat of magic resistance (worn)
Jewellery
 f - the ring of Bodily Harmony {Ice *Drain +Blink Str+2 Int+5}
   (You found it on level 2 of the Shoals)

   [ring of ice]

   It enhances your ice magic.
   It affects your strength (+2).
   It affects your intelligence (+5).
   It makes you vulnerable to fire.
   It protects you from cold.
   It lets you blink.
   It causes draining when unequipped.
 j - the ring "Jisesm" (on tentacle) {*Contam +Blink rElec rPois MR+}
   (You acquired it on level 7 of the Dungeon)

   [ring of protection from magic]

   It insulates you from electricity.
   It protects you from poison.
   It affects your resistance to hostile enchantments.
   It lets you blink.
   It causes magical contamination when unequipped.
 o - a ring of protection from fire (left tentacle)
 C - the ring "Cuotiuts" (right tentacle) {rElec AC+4}
   (You found it on level 4 of the Dungeon)

   [ring of protection]

   It affects your AC (+4).
   It insulates you from electricity.
 P - a ring of resist corrosion (on tentacle)
 S - the ring "Riwnuar" (on tentacle) {*Contam rPois rN+ SInv}
   (You found it in an ice cave)

   [ring of poison resistance]

   It protects you from poison.
   It protects you from negative energy.
   It lets you see invisible.
   It causes magical contamination when unequipped.
 U - the amulet of Xirholoa (around mantle) {+Blink +Inv rPois rC+ Regen+ Slay+2}
   (You found it in a labyrinth)

   [amulet of regeneration]

   It affects your accuracy and damage with ranged weapons and melee attacks
   (+2).
   It protects you from cold.
   It protects you from poison.
   It lets you turn invisible.
   It lets you blink.
   It increases your rate of regeneration.
 V - a +5 ring of protection (on tentacle)
 X - the ring of Guxow (on tentacle) {+Blink rElec Str+4 Dex-3 Stlth+}
   (You acquired it on level 14 of the Dungeon)

   [ring of stealth]

   It affects your strength (+4).
   It affects your dexterity (-3).
   It insulates you from electricity.
   It lets you blink.
   It makes you more stealthy.
 Y - a ring of wizardry (on tentacle)
Wands
 l - a wand of flame (83)
 q - a wand of iceblast (10)
 H - a wand of enslavement (48)
 I - a wand of clouds (5)
 O - a wand of disintegration (42)
 Q - a wand of acid (6)
Scrolls
 e - 5 scrolls of teleportation
 g - 7 scrolls of remove curse
 m - 2 scrolls of magic mapping
 r - 4 scrolls of enchant weapon
 v - 2 scrolls of fear
 y - 4 scrolls of fog
 A - a scroll of holy word
 K - a scroll of amnesia
 T - 8 scrolls of identify
Potions
 h - 4 potions of lignification
 k - a potion of invisibility
 n - 2 potions of magic
 p - 2 potions of agility
 w - 2 potions of brilliance
 z - 5 potions of might
 B - 2 potions of haste
 D - 8 potions of curing
 M - a potion of ambrosia
 R - 3 potions of resistance
 W - 4 potions of flight
Miscellaneous
 s - a lightning rod (2/4)
Comestibles
 d - 23 rations
 i - 14 chunks of flesh


   Skills:
 - Level 9.0 Fighting
 - Level 4.0 Short Blades
 + Level 7.9(8.0) Maces & Flails
   Level 4.0 Polearms
   Level 0.7(5.6) Staves
 - Level 8.0 Throwing
 + Level 16.0 Dodging
 - Level 8.0 Stealth
   Level 4.0 Shields
 - Level 6.0 Spellcasting
 + Level 3.5 Conjurations
 - Level 2.0 Hexes
 - Level 10.0 Summonings
 - Level 4.0 Translocations
 - Level 7.0 Ice Magic
 - Level 8.1 Air Magic
 + Level 3.5 Earth Magic
 - Level 8.0 Evocations


You had 4 spell levels left.
You knew the following spells:

 Your Spells              Type           Power        Failure   Level  Hunger
a - Call Imp              Summ           ####....     1%          2    #......
b - Blink                 Tloc           N/A          1%          2    #......
c - Summon Lightning Spi  Summ/Air       ####....     1%          4    ####...
d - Metabolic Englaciati  Hex/Ice        ###.......   26%         5    ######.
e - Ozocubu's Armour      Chrm/Ice       ##......     4%          3    ###....
f - Apportation           Tloc           ###...       1%          1    None
g - Iron Shot             Conj/Erth      ##........   89%         6    #######

Your spell library contained the following spells:

 Spells                   Type           Power        Failure   Level  Hunger
 Magic Dart               Conj           ##..         1%          1    None
 Conjure Flame            Conj/Fire      #.......     9%          3    ###....
 Bolt of Cold             Conj/Ice       ###.......   69%         6    #######
 Slow                     Hex            #.......     4%          2    #......
 Confuse                  Hex            #.......     9%          3    ###....
 Invisibility             Hex            #.......     98%         6    #######
 Throw Frost              Conj/Ice       ###...       1%          2    #......
 Freezing Cloud           Conj/Ice/Air   ###.......   56%         6    #######
 Mephitic Cloud           Conj/Pois/Air  ###.....     4%          3    ###....
 Venom Bolt               Conj/Pois      #.........   61%         5    ######.
 Teleport Other           Tloc           ###.....     3%          3    ###....
 Summon Small Mammal      Summ           ####         1%          1    None
 Iskenderun's Mystic Bla  Conj           ##......     16%         4    ####...
 Freeze                   Ice            ###.         1%          1    None
 Ozocubu's Refrigeration  Ice            ###.......   45%         6    #######
 Summon Ice Beast         Ice/Summ       ####....     1%          4    ####...
 Regeneration             Chrm/Necr      #.........   19%         3    ###....
 Tukima's Dance           Hex            #.......     9%          3    ###....
 Ice Form                 Ice/Tmut       ##......     16%         4    ####...
 Throw Icicle             Conj/Ice       ###.....     8%          4    ####...
 Confusing Touch          Hex            #.....       2%          1    None
 Passwall                 Tmut/Erth      #.......     4%          2    #......
 Ignite Poison            Fire/Tmut/Pois #.......     19%         3    ###....
 Call Canine Familiar     Summ           ####....     1%          3    ###....
 Summon Butterflies       Summ           ####....     1%          1    None
 Alistair's Intoxication  Tmut/Pois      #.......     83%         5    ######.
 Simulacrum               Ice/Necr       ##........   89%         6    #######
 Petrify                  Tmut/Erth      #.......     28%         4    ####...
 Passage of Golubria      Tloc           N/A          12%         4    ####...
 Shroud of Golubria       Chrm/Tloc      #.........   4%          2    #......
 Infusion                 Chrm           #...         6%          1    None
 Song of Slaying          Chrm           #.......     10%         2    #......
 Spectral Weapon          Hex/Chrm       #.......     12%         3    ###....
 Summon Guardian Golem    Hex/Summ       ###.....     1%          3    ###....
 Gell's Gravitas          Tloc           ###.......   3%          3    ###....
 Yara's Violent Unravell  Hex/Tmut       #.........   71%         5    ######.
 Lesser Beckoning         Tloc           ###.......   3%          3    ###....


Dungeon Overview and Level Annotations

Branches:
Dungeon (15/15)            Temple (1/1) D:6            Lair (6/6) D:10
 Shoals (3/4) Lair:2        Snake (0/4) Lair:3        Slime (0/5) Lair:5
    Orc (2/2) D:9             Elf (0/3) Orc:2        Vaults (0/5) D:13
 Depths (0/5) D:15

Altars:
Ashenzari
Cheibriados
Dithmenos
Elyvilon
Fedhas
Gozag
Hepliaklqana
Kikubaaqudgha
Makhleb
Nemelex Xobeh
Okawaru
Qazlal
Ru
Sif Muna
Trog
Uskayaw
Vehumet
Wu Jian
Xom
Yredelemnul
Zin
The Shining One
Beogh
Jiyva

Shops:
D:9 *=(   D:10 *   Orc:2 ([*:   Shoals:1 (

Portals:
Trove: D:12 (show abyssal rune of Zot)

Annotations:
D:2 exclusion: oklob plant
D:10 exclusion: 2 downstairs
D:14 Frances
Lair:5 3 runed doors, exclusion: door, Shayle's ghost, journeyman VSEn; kazak's ghost, journeyman OpFE


Innate Abilities, Weirdness & Mutations

You cannot wear most types of armour.
You are very stealthy in the water. (Stealth+)
You are amphibious.
You can wear up to eight rings at the same time.
You can use your tentacles to constrict eight enemies at once.
Your skin changes colour to match your surroundings (Stealth+).
Your rubbery body absorbs attacks. (AC +1, EV +1)
You are partially covered in icy blue scales. (AC +2)
You are agile. (Dex +2)
You possess an exceptional clarity of mind.


Message History

The harpy screeches!
The harpy claws you but does no damage. The harpy misses you.
The harpy closely misses you. The harpy completely misses you.
The harpy closely misses you. The harpy misses you. x2
The harpy barely misses you. The harpy completely misses you.
The harpy claws you.
* * * LOW HITPOINT WARNING * * *
The harpy claws you but does no damage. The harpy claws you.
* * * LOW HITPOINT WARNING * * *
Things that are here:
a leather armour; a trident of venom
There is a stone staircase leading up here.
Things that are here:
2 large rocks; 4 tomahawks The harpy closely misses you.
The harpy claws you.
* * * LOW HITPOINT WARNING * * *
The harpy claws you but does no damage. The harpy claws you.
* * * LOW HITPOINT WARNING * * *
The harpy completely misses you. The harpy misses you. The harpy claws you!!
You die...

≈≈≈≈≈≈≈≈≈≈≈≈≈≈≈≈.≈≈≈PPP≈≈≈≈≈≈≈≈P≈
≈≈≈≈≈≈≈≈≈≈≈≈≈≈.....≈≈≈P≈≈≈≈≈≈PP≈≈
≈≈≈≈(≈(≈≈≈≈≈≈≈..#..≈≈P≈≈≈≈m≈.#.P≈
≈≈≈≈(≈≈≈≈≈≈≈≈(..###.≈≈≈≈§≈≈P##.P≈
≈≈)≈≈P≈P≈≈≈(.....##(§§§§§≈≈≈)P.≈≈
)P..(.P.≈≈P≈(≈≈≈(.((§P§§m§≈≈(P≈≈≈
(.<##..PP≈P≈≈≈≈≈..≈≈§§§P§≈(≈≈≈≈≈≈
(.?##..P≈≈.≈≈≈≈..≈≈.....
.....P...≈≈≈≈≈≈≈≈≈≈..##..≈≈....≈≈
.....≈...≈≈≈≈≈≈≈≈≈≈.....≈.>....≈≈


You could see a merfolk impaler, a merfolk and 3 harpies.

Vanquished Creatures
  Kirke (Lair:5)
  A fire giant (D:15)
  An orc warlord (Orc:2)
  A frost giant (IceCv)
  Nessos (Orc:2)
  A minotaur (Lab)
  2 merfolk javelineers
  Josephine (Orc:1)
  4 hydras
  Fannar (D:12)
  A catoblepas (D:15)
  2 satyrs (Shoals:3)
  8 two-headed ogres
  2 centaur warriors
  3 death yaks (IceCv)
  4 orc high priests (Orc:2)
  Urug (D:13)
  The ghost of jersan95 the Fighter, a novice DsGl of Okawaru (D:7)
  An unseen horror (D:12)
  A sea snake (Shoals:1)
  A lindwurm (Lair:4)
  2 harpies (Shoals:3)
  Pikel (D:6)
  3 orc knights
  11 fauns
  4 orc sorcerers (Orc:2)
  3 cyclopes
  18 ugly things
  5 manticores
  2 black mambas
  4 merfolk sirens
  Maurice (Orc:1)
  2 centaur zombies (D:14)
  3 water nymphs
  2 gargoyles (D:11)
  7 spiny frogs
  A freezing wraith (D:15)
  An efreet (D:13)
  A rime drake (Lair:3)
  3 komodo dragons
  3 trolls
  5 wind drakes
  3 polar bears
  13 merfolk
  4 slime creatures (D:12)
  3 dream sheep
  13 hippogriffs
  7 blink frogs
  3 vampires
  A centaur simulacrum (D:13)
  A shadow (D:14)
  2 redbacks (Lab)
  A water elemental (Shoals:1)
  2 wyverns
  42 yaks
  5 wraiths (Orc:1)
  3 hogs (Lair:5)
  12 humans (D:13)
  2 basilisks (Lair:4)
  3 hungry ghosts
  7 vampire mosquitoes
  12 soldier ants
  A warg (Orc:1)
  A naga (Lair:3)
  3 acid dragons
  24 water moccasins
  7 porcupines
  5 ice beasts
  25 orc warriors
  4 black bears
  2 slaves (D:6)
  3 eyes of draining
  A meliai simulacrum (D:13)
  5 phantoms
  A sky beast (D:12)
  13 ogres
  18 wolves
  19 centaurs
  8 crocodiles
  13 big kobolds
  13 bullfrogs
  2 scorpions
  A killer bee (D:11)
  7 wights
  8 electric eels
  3 howler monkeys (D:8)
  6 crimson imps
  A bullfrog zombie (D:9)
  11 hounds
  5 centaur skeletons
  14 orc priests
  A bullfrog skeleton (D:12)
  A jelly (D:9)
  Ijyb (D:2)
  A gnoll shaman (Orc:1)
  6 iguanas
  21 orc wizards
  22 worker ants
  3 hound zombies
  A gnoll (Orc:1)
  4 river rats (Sewer)
  19 adders
  2 shadow imps
  7 white imps
  6 oozes (Sewer)
  An adder skeleton (D:10)
  6 worms
  A dart slug (D:1)
  4 leopard geckos
  46 orcs
  9 giant cockroaches
  18 goblins
  10 hobgoblins
  7 jackals
  20 kobolds
  4 quokkas
  A ball python (Sewer)
  A ball python skeleton (D:4)
  12 bats
  6 frilled lizards
  2 jackal skeletons
  A quokka skeleton (D:4)
  A quokka zombie (D:7)
  11 rats
  A butterfly (Lair:3)
  3 plants
744 creatures vanquished.

Vanquished Creatures (collateral kills)
  Rupert (D:13)
  Frances (D:14)
  The ghost of zeroarcanus the Peltast, a journeyman MiFi of the Shining One (Shoals:2)
  Louise (Shoals:2)
  2 entropy weavers (Lair:6)
  A merfolk impaler (Shoals:3)
  An ettin (Orc:1)
  A merfolk javelineer (Shoals:3)
  3 hydras
  2 centaur warriors
  4 two-headed ogres
  The ghost of Xelitey Juot the Cleaver, a novice MiFi of Cheibriados (Orc:1)
  An ogre mage (D:15)
  A catoblepas (Lair:4)
  A death yak (IceCv)
  A queen ant (Lair:6)
  2 orc high priests (Orc:2)
  A harpy (Shoals:3)
  An orc knight (Orc:2)
  8 ugly things
  An orc sorcerer (Orc:1)
  A manticore (Shoals:2)
  A cyclops (D:14)
  4 fauns
  A merfolk siren (Lair:2)
  A black mamba (Lair:3)
  A centaur skeleton (D:14)
  Psyche (D:12)
  A torpor snail (Lair:4)
  3 rime drakes
  A spiny frog (Lair:1)
  A kobold demonologist (D:14)
  3 komodo dragons
  4 trolls
  A wind drake (Shoals:2)
  4 merfolk
  6 polar bears
  13 blink frogs
  A slime creature (D:12)
  7 dream sheep
  A hippogriff (Lair:6)
  A vampire (D:13)
  A wraith (D:11)
  27 yaks
  4 humans (D:13)
  A hungry ghost (D:11)
  2 hogs (Lair:5)
  2 wargs (Orc:2)
  2 nagas (Lair:3)
  8 soldier ants (Lair:6)
  3 porcupines
  4 water moccasins
  12 orc warriors
  An ice beast (D:13)
  A black bear (Lair:2)
  11 wolves
  2 centaurs (D:14)
  6 ogres
  2 crocodiles
  A bullfrog (Lair:5)
  2 killer bees (D:11)
  2 vampire bats (Orc:1)
  4 wights
  A crimson imp (D:12)
  A hound (D:13)
  8 orc priests
  7 orc wizards
  11 worker ants
  3 gnolls (Orc:1)
  9 adders (Lair:5)
  10 white imps
  An ufetubus (D:13)
  30 orcs
  2 bats (Orc:1)
274 creatures vanquished.

Vanquished Creatures (others)
  2 polar bears (IceCv)
  A yak (IceCv)
  A sky beast (D:13)
  5 wolves (IceCv)
  A quasit (D:7)
  An adder (D:7)
  6 fungi
  7 plants
24 creatures vanquished.

Grand Total: 1042 creatures vanquished

Notes
Turn   | Place    | Note
-------+----------+-------------------------------------------
     0 | D:1      | zishaf the Octopode Assassin began the quest for the Orb.
     0 | D:1      | Reached XP level 1. HP: 14/14 MP: 1/1
    99 | D:1      | Reached XP level 2. HP: 19/19 MP: 2/2
   300 | D:1      | Reached skill level 2 in Dodging
   427 | D:1      | Reached XP level 3. HP: 25/25 MP: 3/3
  1142 | D:2      | Noticed Ijyb
  1320 | D:2      | Killed Ijyb
  1320 | D:2      | Reached XP level 4. HP: 30/30 MP: 4/4
  1357 | D:2      | Reached skill level 3 in Dodging
  1701 | D:2      | Found a faded altar of an unknown god.
  1709 | D:2      | Became a worshipper of Ashenzari the Shackled
  1709 | D:2      | Reached * piety under Ashenzari
  1853 | D:2      | Found a blossoming altar of Fedhas.
  1872 | D:2      | Noticed an oklob plant
  2160 | D:3      | Reached XP level 5. HP: 33/36 MP: 5/5
  2166 | D:3      | Found a glowing drain.
  2170 | Sewer    | Entered a sewer
  2186 | Sewer    | Noticed a big kobold
  2221 | Sewer    | Killed a big kobold
  2221 | Sewer    | Reached skill level 1 in Evocations
  2359 | Sewer    | Reached skill level 1 in Spellcasting
  2390 | Sewer    | Noticed a big kobold
  2402 | Sewer    | Reached XP level 6. HP: 32/42 MP: 7/7
  2407 | Sewer    | Reached skill level 4 in Dodging
  2669 | Sewer    | Reached XP level 7. HP: 36/46 MP: 9/9
  3163 | Sewer    | Reached skill level 5 in Dodging
  4193 | D:4      | Identified the ring "Cuotiuts" {rElec AC+4}
  4264 | D:4      | Reached XP level 8. HP: 54/54 MP: 11/11
  4360 | D:4      | Reached ** piety under Ashenzari
  4425 | D:4      | Found a glowing silver altar of Zin.
  4425 | D:4      | Found Zin's Purification Station.
  4435 | D:4      | Bought a potion of curing for 90 gold pieces
  4695 | D:5      | Entered Level 5 of the Dungeon
  4829 | D:5      | Noticed a hippogriff
  4848 | D:5      | Killed a hippogriff
  4848 | D:5      | Reached skill level 6 in Dodging
  5139 | D:5      | Reached skill level 1 in Polearms
  5274 | D:5      | Reached skill level 5 in Fighting
  5621 | D:5      | Reached skill level 7 in Dodging
  5736 | D:5      | Reached XP level 9. HP: 49/61 MP: 13/13
  5805 | D:6      | Learned a level 2 spell: Call Imp
  6147 | D:6      | Reached skill level 1 in Summonings
  6250 | D:6      | Found a staircase to the Ecumenical Temple.
  6328 | Temple   | Entered the Ecumenical Temple
  6463 | Temple   | Fell from the grace of Ashenzari
  6463 | Temple   | Became a worshipper of Dithmenos the Shadowed
  6529 | D:6      | Found a basalt altar of Yredelemnul.
  7287 | D:7      | Learned a level 2 spell: Blink
  7348 | D:7      | Noticed Pikel
  7492 | D:6      | Killed Pikel
  7492 | D:6      | Reached skill level 8 in Dodging
  7492 | D:6      | Reached skill level 1 in Translocations
  8462 | D:7      | Found a transporter.
  8468 | D:7      | Noticed jersan95's ghost (novice DsGl)
  8471 | D:7      | Found a transporter.
  8668 | D:8      | Reached XP level 10. HP: 63/68 MP: 14/14
  8839 | D:8      | Reached * piety under Dithmenos
  9546 | D:8      | Learned a level 4 spell: Summon Lightning Spire
  9926 | D:9      | Found Byqas's Assorted Antiques.
  9960 | D:9      | Found a sacrificial altar of Ru.
 10075 | D:9      | Gained mutation: You are agile. (Dex +2) [potion of mutation]
 10075 | D:9      | Gained mutation: You are partially covered in icy blue scales. (AC +2) [potion of mutation]
 10075 | D:9      | Gained mutation: You possess an exceptional clarity of mind. [potion of mutation]
 10185 | D:9      | Reached skill level 9 in Dodging
 10214 | D:9      | Found a deep blue altar of Sif Muna.
 10243 | D:9      | Found Fezoe's Weapon Shoppe.
 10244 | D:9      | Found a staircase to the Orcish Mines.
 10327 | D:9      | Reached skill level 1 in Air Magic
 10537 | D:9      | Reached skill level 5 in Summonings
 10565 | D:9      | Noticed a two-headed ogre
 10613 | D:9      | Killed a two-headed ogre
 10679 | D:9      | Found a hide-covered altar of Uskayaw.
 10680 | D:9      | Found a burning altar of Makhleb.
 11035 | D:9      | Found Kymikexu's Jewellery Emporium.
 11291 | D:10     | Entered Level 10 of the Dungeon
 11444 | D:9      | Was forgiven by Ashenzari
 11906 | D:9      | Reached ** piety under Dithmenos
 12144 | D:10     | Found Siemiy's Assorted Antiques.
 12504 | D:9      | Reached XP level 11. HP: 32/75 MP: 15/15
 13267 | D:10     | Reached skill level 10 in Dodging
 13526 | D:10     | Found a staircase to the Lair.
 14214 | D:11     | Reached *** piety under Dithmenos
 14297 | D:11     | Reached skill level 5 in Air Magic
 14520 | D:11     | Found a frozen archway.
 14569 | IceCv    | Entered an ice cave
 15600 | IceCv    | Noticed a death yak
 15600 | IceCv    | Noticed a death yak
 15600 | IceCv    | Noticed a death yak
 15659 | IceCv    | Killed a death yak
 15672 | IceCv    | Killed a death yak
 15690 | IceCv    | Reached **** piety under Dithmenos
 15759 | IceCv    | Killed a death yak
 16469 | IceCv    | Reached XP level 12. HP: 77/82 MP: 15/16
 16639 | IceCv    | Noticed a death yak
 16639 | IceCv    | Noticed a frost giant
 16683 | IceCv    | Reached skill level 11 in Dodging
 16683 | IceCv    | Killed a frost giant
 16759 | IceCv    | Killed a death yak
 17401 | IceCv    | Got a shimmering golden ring
 17404 | IceCv    | Identified the ring "Riwnuar" {*Contam rPois rN+ SInv} (You found it in an ice cave)
 17822 | D:11     | Noticed a two-headed ogre
 17834 | D:11     | Killed a two-headed ogre
 17941 | D:11     | Learned a level 5 spell: Metabolic Englaciation
 18628 | Lair:1   | Entered Level 1 of the Lair of Beasts
 18704 | Lair:1   | Found a labyrinth entrance.
 18760 | Lab      | Entered a labyrinth
 18997 | Lab      | Noticed a minotaur
 19017 | Lab      | Killed a minotaur
 19017 | Lab      | Reached skill level 1 in Hexes
 19017 | Lab      | Reached skill level 1 in Ice Magic
 19056 | Lab      | Identified the Grimoire of Hurtful Transmutation
 19057 | Lab      | Got a sparkling jade amulet
 19060 | Lair:1   | Identified the amulet of Xirholoa {+Blink +Inv rPois rC+ Regen+ Slay+2} (You found it in a labyrinth)
 19137 | Lair:1   | Noticed a four-headed hydra
 19159 | Lair:1   | Killed a four-headed hydra
 19288 | Lair:1   | Learned a level 3 spell: Ozocubu's Armour
 20192 | Lair:2   | Found a staircase to the Shoals.
 20288 | Lair:2   | You fall through a shaft!
 20289 | Lair:3   | Found a staircase to the Snake Pit.
 20635 | Lair:2   | Reached XP level 13. HP: 49/90 MP: 17/17
 20749 | Lair:2   | Reached skill level 12 in Dodging
 21363 | Lair:2   | Reached skill level 5 in Throwing
 21849 | Lair:3   | Reached skill level 10 in Summonings
 23238 | Lair:4   | Reached skill level 5 in Ice Magic
 23736 | Lair:5   | Found a staircase to the Slime Pits.
 23736 | Lair:5   | Found a viscous altar of Jiyva.
 23769 | Lair:5   | Reached ***** piety under Dithmenos
 23783 | Lair:5   | Learned a level 1 spell: Apportation
 23858 | Lair:4   | Reached skill level 5 in Evocations
 24221 | Lair:5   | Found a runed gate.
 24222 | Lair:5   | Found a runed gate.
 24223 | Lair:5   | Found a runed gate.
 24225 | Lair:5   | Noticed Shayle's ghost (journeyman VSEn)
 24225 | Lair:5   | Noticed kazak's ghost (journeyman OpFE)
 24461 | Lair:5   | Noticed Kirke
 24484 | Lair:5   | Killed Kirke
 24638 | Lair:5   | Reached skill level 13 in Dodging
 24864 | Lair:5   | Reached XP level 14. HP: 83/97 MP: 18/18
 25036 | Lair:6   | Entered Level 6 of the Lair of Beasts
 25164 | Lair:6   | Noticed an entropy weaver
 25583 | Lair:6   | Noticed an entropy weaver
 25599 | Lair:6   | Killed an entropy weaver
 25719 | Lair:6   | Reached ****** piety under Dithmenos
 26770 | Lair:6   | Killed an entropy weaver
 27027 | D:9      | Bought a +3 lajatang of electrocution for 708 gold pieces
 27437 | D:7      | Killed jersan95's ghost
 27480 | D:7      | Identified a scroll of acquirement
 27483 | D:7      | Got a scorched wooden ring
 27486 | D:7      | Identified the ring "Jisesm" {*Contam +Blink rElec rPois MR+} (You acquired it on level 7 of the Dungeon)
 27602 | Orc:1    | Entered Level 1 of the Orcish Mines
 27634 | Orc:1    | Noticed Maurice
 27653 | Orc:1    | Killed Maurice
 27760 | Orc:1    | Reached skill level 1 in Maces & Flails
 28030 | Orc:1    | Found a transporter.
 28105 | Orc:1    | Noticed Xelitey Juot's ghost (novice MiFi)
 28108 | Orc:1    | Found a transporter.
 28430 | Orc:1    | Noticed Josephine
 28442 | Orc:1    | Killed Josephine
 28801 | Orc:2    | Entered Level 2 of the Orcish Mines
 28990 | Orc:2    | Noticed an orc warlord
 29135 | Orc:2    | Found a roughly hewn altar of Beogh.
 29170 | Orc:2    | Found a staircase to the Elven Halls.
 29191 | Orc:2    | Found a roughly hewn altar of Beogh.
 29317 | Orc:2    | Noticed Nessos
 29331 | Orc:2    | Killed Nessos
 30099 | Orc:2    | Killed an orc warlord
 30377 | Orc:2    | Found Daefonir's Antique Armour Shop.
 30378 | Orc:2    | Found Eshuwath's Antique Weapon Shop.
 30379 | Orc:2    | Found Megut's General Store.
 30379 | Orc:2    | Found Leinusk's Book Boutique.
 30383 | Orc:2    | Bought a scroll of identify for 28 gold pieces
 30818 | D:12     | Reached skill level 1 in Shields
 30907 | D:12     | Found a portal to a secret trove of treasure.
 30960 | D:12     | Noticed Psyche
 30967 | D:12     | Killed Psyche
 30983 | D:12     | Reached skill level 14 in Dodging
 31092 | D:12     | Reached XP level 15. HP: 58/101 MP: 21/21
 31129 | D:12     | Reached skill level 5 in Maces & Flails
 31382 | D:12     | Noticed Fannar
 31826 | D:12     | Found a portal to a secret trove of treasure.
 31984 | D:12     | Killed Fannar
 32371 | D:13     | Noticed Rupert
 32401 | D:13     | Killed Rupert
 32583 | D:13     | Noticed Urug
 32609 | D:13     | Killed Urug
 32649 | D:13     | Found a gate to the Vaults.
 33326 | D:14     | Noticed Frances
 33539 | D:14     | Reached skill level 5 in Spellcasting
 33956 | D:14     | Got a transparent amber ring
 33958 | D:14     | Identified the ring of Guxow {+Blink rElec Str+4 Dex-3 Stlth+} (You acquired it on level 14 of the Dungeon)
 34554 | D:15     | Entered Level 15 of the Dungeon
 34585 | D:15     | Reached skill level 15 in Dodging
 34702 | D:15     | Found a staircase to the Depths.
 34702 | D:15     | Noticed a fire giant
 34741 | D:15     | Killed a fire giant
 35134 | D:15     | Learned a level 6 spell: Iron Shot
 35539 | D:15     | Reached skill level 1 in Earth Magic
 35628 | D:15     | Reached skill level 1 in Conjurations
 36045 | D:15     | Reached XP level 16. HP: 98/108 MP: 4/24
 36163 | D:14     | Killed Frances
 36496 | Orc:1    | Killed Xelitey Juot's ghost
 36566 | Orc:1    | Got a shimmering great mace {speed}
 36567 | Orc:1    | Identified the +9 great mace of Arrival {speed, rF+ Str+5 Int-5 Stlth+} (You took it off an ettin on level 1 of the Orcish Mines)
 36703 | Shoals:1 | Entered Level 1 of the Shoals
 38289 | Shoals:1 | Found Weosaode's Antique Weapon Shop.
 38362 | Shoals:1 | Bought a shimmering hand crossbow for 246 gold pieces
 38362 | Shoals:1 | Identified the +1 hand crossbow "Vanu" {freeze, *Slow rElec rC+++ Int+5} (You bought it in a shop on level 1 of the Shoals)
 38499 | Shoals:2 | Noticed zeroarcanus's ghost (journeyman MiFi)
 38533 | Shoals:2 | Noticed Louise
 38550 | Shoals:2 | Killed Louise
 39128 | Shoals:2 | Found a runed gate.
 39129 | Shoals:2 | Found a runed gate.
 39131 | Shoals:2 | Found a runed gate.
 39556 | Shoals:2 | Killed zeroarcanus's ghost
 39562 | Shoals:2 | Got a brightly glowing bone ring
 39571 | Shoals:2 | Identified the ring of Bodily Harmony {Ice *Drain +Blink Str+2 Int+5} (You found it on level 2 of the Shoals)
 40937 | Shoals:3 | Reached skill level 16 in Dodging
 40973 | Shoals:3 | Mangled by a harpy

Vault maps used:
D:1:      tarquinn_simple_flora_water_a
D:2:      kennysheep_the_goblin_king, tgw_fedhas,
          chequers_ecumenical_altar_lobes
D:3:      gup_sewer_entry_bowl, kennysheep_generic_room_12
D:4:      zin_purify
D:5:      first_ration, kennysheep_pointless_box
D:6:      marbit_many_paths, minmay_temple_entry_glass, minmay_crystal_room,
          kennysheep_generic_room_14
D:7:      gammafunk_ghost_smash, uniq_pikel
D:9:      nicolae_ru_the_path_less_chosen, grunt_temple_overflow_open,
          orc_david_3, basic_altar, serial_shops, nicolae_shop_waterfront,
          nicolae_shop_waterfront
D:10:     erik_lair_island, serial_shops, shop
D:11:     portal_ice_cave_entry_imps
D:12:     enter_trove_0, uniq_psyche, uniq_fannar
D:13:     david_vaults_3, serial_ice, serial_ice_i, serial_ice_f, serial_ice_o,
          serial_ice_a
D:14:     minmay_misc_feat_cross, hangedman_ranch, uniq_frances
D:15:     grunt_enter_depths_giant_problem, serial_corexii_hall,
          corexii_hall_statues_deadend, corexii_hall_statues_x,
          corexii_hall_statues_i, corexii_hall_statues_s
Temple:   lightli_temple_of_artemis
Lair:1:   lab_entry_generic, lemuel_fruit_tree
Lair:2:   elwin_shoals_entry_stream, serial_bayou_shore_a, grunt_megastairs_1
Lair:3:   minmay_snake_entry_guardpost_small, lemuel_fruit_fields
Lair:4:   minivault_26, infiniplex_staircase_pool
Lair:5:   lemuel_reptile_caves, slime_altar_1, gammafunk_ghost_cemetery,
          uniq_kirke
Lair:6:   due_jungle_book, zaba_anthell, serial_bayou_shore_b
Shoals:1: serial_shops, shop, nicolae_shoals_so_close
Shoals:2: ebering_ghost_rock_garden, uniq_louise
Orc:1:    gammafunk_ghost_smash, roderic_batcave, uniq_maurice, uniq_josephine
Orc:2:    st_orc_congregation, basic_altar, mines2_david, uniq_nessos
Lab:      labyrinth_spiral, lab_fountain, nicolae_lab_stuck,
          labyrinth_skeletal_remains, nicolae_lab_flowing_pool,
          nicolae_lab_grate_2
Sewer:    sewer_co_tree
IceCv:    ice_cave_caverns_03

Skill      XL: |  1  2  3  4  5  6  7  8  9 10 11 12 13 14 15 16 |
---------------+-------------------------------------------------+-----
Dodging        | 2 3 4 5 7 8 9 10 11 13 14 15 16 | 16.0
Throwing       | 3 4 6 7 8 |  8.0
Fighting       | 3 4 5 6 7 8 9 |  9.0
Evocations     | 1 2 6 8 |  8.0
Spellcasting   | 1 2 3 5 6 |  6.0
Stealth        | 6 8 |  8.0
Polearms       | 2 4 |  4.0
Summonings     | 4 6 8 9 10 | 10.0
Translocations | 2 3 4 |  4.0
Air Magic      | 3 6 7 8 |  8.1
Hexes          | 2 |  2.0
Ice Magic      | 3 6 7 |  7.0
Maces & Flails | 4 6 7 |  7.9
Shields        | 1 4 |  4.0
Earth Magic    | 1 3 |  3.5
Conjurations   | 1 3 |  3.5
Short Blades   | 4 |  4.0
Staves         | |  0.7

Action                   |  1- 3 |  4- 6 |  7- 9 | 10-12 | 13-15 | 16-18 || total
-------------------------+-------+-------+-------+-------+-------+-------++-------
Melee: Dagger            |    34 |     9 |     7 |     8 |    33 |    71 ||   162
       Constrict         |    14 |    14 |    42 |    73 |   174 |    37 ||   354
       Tentacles         |     6 |    12 |    53 |   138 |   223 |    61 ||   493
       Short sword       |    27 |    60 |   110 |       |       |       ||   197
       Spear             |       |       |   201 |   676 |   541 |       ||  1418
       Whip              |       |       |    17 |       |       |       ||    17
       Great mace        |       |       |       |       |   517 |   177 ||   694
       Lajatang          |       |       |       |       |    51 |       ||    51
 Fire: Blowgun           |    18 |    11 |    70 |   197 |    21 |     6 ||   323
Throw: Stone             |    12 |     8 |    17 |     3 |       |       ||    40
       Throwing net      |       |       |     2 |       |       |       ||     2
       Javelin           |       |       |       |    16 |    96 |    17 ||   129
 Cast: Blink             |       |       |     6 |     3 |     7 |     4 ||    20
       Call Imp          |       |       |     2 |     5 |    64 |    25 ||    96
       Summon Lightning  |       |       |       |    81 |   181 |    32 ||   294
       Ozocubu's Armour  |       |       |       |       |    20 |       ||    20
Invok: Scrying           |       |       |     1 |       |       |       ||     1
       Shadow Step       |       |       |       |       |     1 |       ||     1
Evoke: Wand              |       |     2 |     3 |    18 |     6 |       ||    29
       Lightning rod     |       |       |       |       |     7 |     6 ||    13
       Phantom mirror    |       |       |       |       |       |     1 ||     1
  Use: Scroll            |       |     2 |       |    20 |    14 |     3 ||    39
       Potion            |       |       |     2 |     6 |     1 |     9 ||    18
 Stab: Sleeping          |    16 |     3 |    28 |    12 |    47 |    12 ||   118
       Distracted        |       |       |     3 |     5 |    18 |    10 ||    36
  Eat: Chunk             |     1 |     1 |    10 |    26 |    77 |    10 ||   125
       Ration            |       |     1 |     3 |     8 |     3 |     4 ||    19
Armor: Skin              |     5 |     4 |    27 |   100 |   210 |    49 ||   395
Dodge: Dodged            |    31 |    50 |   194 |   701 |  1473 |   318 ||  2767

Table legend:
 A = Spawn XP
 B = Non-spawn XP
 C = Spawn XP percentage of total XP
 D = Spawn monster count
 E = Non-spawn monster count
 F = Spawn count percentage of total count
 G = Total turns spent on level
                    A         B        C        D         E        F      G
               +---------+---------+-------+---------+---------+-------+---------
         Total |       0 |  164528 |   0.0 |       0 |    1014 |   0.0 | 40973
               +---------+---------+-------+---------+---------+-------+---------
           D:1 |       0 |      49 |   0.0 |       0 |      27 |   0.0 |   860
           D:2 |       0 |     104 |   0.0 |       0 |      31 |   0.0 |  1254
           D:3 |       0 |      93 |   0.0 |       0 |      19 |   0.0 |   879
           D:4 |       0 |     415 |   0.0 |       0 |      17 |   0.0 |   872
           D:5 |       0 |    1082 |   0.0 |       0 |      18 |   0.0 |  1293
           D:6 |       0 |    1330 |   0.0 |       0 |      14 |   0.0 |  1625
           D:7 |       0 |    2140 |   0.0 |       0 |      22 |   0.0 |  1541
           D:8 |       0 |    1159 |   0.0 |       0 |      10 |   0.0 |   855
           D:9 |       0 |    4129 |   0.0 |       0 |      38 |   0.0 |  3178
          D:10 |       0 |    2342 |   0.0 |       0 |      30 |   0.0 |  1512
          D:11 |       0 |    3159 |   0.0 |       0 |      31 |   0.0 |  1977
          D:12 |       0 |    5368 |   0.0 |       0 |      35 |   0.0 |  1822
          D:13 |       0 |   13496 |   0.0 |       0 |      72 |   0.0 |   974
          D:14 |       0 |   14806 |   0.0 |       0 |      54 |   0.0 |  1526
          D:15 |       0 |   14018 |   0.0 |       0 |      41 |   0.0 |  1547
        Lair:1 |       0 |    2717 |   0.0 |       0 |      19 |   0.0 |  1074
        Lair:2 |       0 |    5849 |   0.0 |       0 |      40 |   0.0 |  1815
        Lair:3 |       0 |    6347 |   0.0 |       0 |      33 |   0.0 |  1208
        Lair:4 |       0 |    5459 |   0.0 |       0 |      28 |   0.0 |  1080
        Lair:5 |       0 |    8792 |   0.0 |       0 |      57 |   0.0 |  1467
        Lair:6 |       0 |    6872 |   0.0 |       0 |      57 |   0.0 |  1363
      Shoals:1 |       0 |    5642 |   0.0 |       0 |      15 |   0.0 |   930
      Shoals:2 |       0 |    8978 |   0.0 |       0 |      19 |   0.0 |  1877
      Shoals:3 |       0 |   14365 |   0.0 |       0 |      35 |   0.0 |   622
         Orc:1 |       0 |   10895 |   0.0 |       0 |      77 |   0.0 |  1636
         Orc:2 |       0 |   14011 |   0.0 |       0 |     103 |   0.0 |  1759
           Lab |       0 |    1493 |   0.0 |       0 |       3 |   0.0 |   299
         Sewer |       0 |     818 |   0.0 |       0 |      28 |   0.0 |  1103
         IceCv |       0 |    8600 |   0.0 |       0 |      41 |   0.0 |  2864
               +---------+---------+-------+---------+---------+-------+---------
